 Dungeon Crawl Stone Soup version 0.18.1-8-gdd0e5ea (webtiles) character file.

110 Shearov the Stinger (level 4, -12/27 HPs)
             Began as an Octopode Venom Mage on June 1, 2016.
             Mangled by simples's ghost (14 damage)
             ... on level 3 of the Dungeon.
             The game lasted 00:08:14 (2446 turns).

Shearov the Stinger (Octopode Venom Mage)           Turns: 2446, Time: 00:08:15

Health: -12/27     AC:  1    Str:  8    XL:     4   Next: 91%
Magic:  7/7        EV: 12    Int: 19    God:
Gold:   200        SH:  0    Dex: 12    Spells: 2 memorised, 3 levels left

rFire  . . .     SeeInvis .     (no weapon)
rCold  . . .     Gourm    .     (no shield)
rNeg   . . .     Faith    .     (helmet restricted)
rPois  .         Spirit   .     (no amulet)
rElec  .         Dismiss  .     c - +2 ring of intelligence
rCorr  .         Reflect  .     (no ring)
SustAt .         Harm     .     (no ring)
MR     .....                    (no ring)
Stlth  ++++......               (no ring)
                                (no ring)
                                (no ring)
                                (no ring)

@: exhausted, slowed, very slow, not resistant to hostile enchantments, stealthy
A: almost no armour, amphibious, 8 rings, constrict 8, camouflage 1, gelatinous
body 1
a: no special abilities


You were on level 3 of the Dungeon.
You were very hungry.

You visited 1 branch of the dungeon, and saw 4 of its levels.

You collected 200 gold pieces.

Inventory:

Jewellery
 c - a +2 ring of intelligence (left tentacle)
 p - a +1 ring of evasion {unknown}
Scrolls
 f - a scroll of recharging
 h - 2 scrolls of amnesia {unknown}
 k - a scroll of noise {unknown}
 m - 2 scrolls of enchant weapon {unknown}
Potions
 e - a potion of resistance {unknown}
 g - 4 potions of curing {unknown}
 i - a potion of flight {unknown}
 j - 4 potions of agility {unknown}
 l - a potion of haste {unknown}
Books
 a - a Young Poisoner's Handbook

   Spells                             Type                      Level
   a - Sting                          Conjuration/Poison           1
   b - Cure Poison                    Poison                       2
   c - Mephitic Cloud                 Conjuration/Poison/Air       3
   d - Olgreb's Toxic Radiance        Poison                       4
   e - Venom Bolt                     Conjuration/Poison           5
Comestibles
 b - 5 bread rations
 n - a royal jelly
 o - 3 meat rations
 q - a slice of pizza


   Skills:
 + Level 0.2 Fighting
 + Level 2.4 Dodging
 * Level 4.3 Stealth
 + Level 0.2 Unarmed Combat
 + Level 2.1 Spellcasting
 + Level 0.6 Conjurations
 * Level 6.1 Poison Magic


You had 3 spell levels left.
You knew the following spells:

 Your Spells              Type           Power        Failure   Level  Hunger
a - Sting                 Conj/Pois      ##..         6%          1    #......
b - Mephitic Cloud        Conj/Pois/Air  ##......     21%         3    ###....


Dungeon Overview and Level Annotations

Branches:
Dungeon (4/15)
 Temple: D:4-7

Altars:

Annotations:
D:3 Pikel; simples's ghost, amateur MiBe


Innate Abilities, Weirdness & Mutations

You cannot wear most types of armour.
You are amphibious.
You can wear up to eight rings at the same time.
You can use your tentacles to constrict eight enemies at once.
Your skin changes colour to match your surroundings (Stealth).
Your rubbery body absorbs attacks (AC +1).


Message History

Pikel closely misses you.
There is a stone staircase leading up, spattered with blood here.
Pikel barely misses you. The slave hits you!
* * * LOW HITPOINT WARNING * * *
You climb upwards.
You hear the sound of rushing water.
There is an entrance to a sewer on this level.
Hurry and find it before the portal rusts away!
You hear the drain falling apart.
The walls and floor vibrate strangely for a moment.
Level annotation: simples's ghost, amateur MiBe Simples's ghost completely misses you.
Simples's ghost closely misses you.
There is a stone staircase leading down here.
Read which item? (? for menu, Esc to quit)
As you read the scroll labeled HOYZUI OTILEL, it crumbles to dust.
It is a scroll of identify.
Identify which item? (\ to view known items) (? for menu, Esc to quit)
f - a scroll of recharging Pikel barely misses you.
Simples's ghost hits you!
Ouch! That really hurt!
You die...

......######## #.
#.......... #.
#.......W.. #.
##..######## ..
##....# # #.
#.###.######## #.
#.# #...W.....
#W####.###.########
#.@K.......#
#####.#.###.# #####
#.#.# ........
#.#.# .###.###
..... ## #....
#..### ...#


You could see Pikel and simples's ghost.

Vanquished Creatures
  4 adders
  4 worms
  A giant gecko (D:2)
  An orc (D:3)
  A ball python (D:2)
  A bat zombie (D:1)
  A giant cockroach (D:1)
  10 goblins
  7 hobgoblins
  A quokka (D:2)
  8 bats
  4 giant newts
  8 kobolds
  A quokka zombie (D:1)
  7 rats
59 creatures vanquished.

Notes
Turn   | Place    | Note
--------------------------------------------------------------
     0 | D:1      | Shearov the Octopode Venom Mage began the quest for the Orb.
     0 | D:1      | Reached XP level 1. HP: 11/11 MP: 3/3
   119 | D:1      | Reached skill level 5 in Poison Magic
   169 | D:1      | Reached XP level 2. HP: 17/17 MP: 1/5
   685 | D:1      | Reached XP level 3. HP: 9/21 MP: 6/6
   843 | D:1      | Learned a level 3 spell: Mephitic Cloud
  1546 | D:3      | Reached XP level 4. HP: 27/27 MP: 5/7
  1647 | D:3      | Noticed simples's ghost (amateur MiBe)
  2153 | D:4      | Reached skill level 6 in Poison Magic
  2434 | D:4      | Noticed Pikel
  2434 | D:4      | Noticed a slave
  2446 | D:3      | Mangled by simples's ghost

Skill      XL: |  1  2  3  4 |
---------------+-------------+-----
Poison Magic   | 5 6 |  6.1
Stealth        | 3 4 |  4.3
Fighting       | |  0.2
Dodging        | |  2.4
Unarmed Combat | |  0.2
Spellcasting   | |  2.1
Conjurations   | |  0.6

Action                   |  1- 3 |  4- 6 || total
-------------------------+-------+-------++-------
Melee: Unarmed           |    86 |    40 ||   126
       Constrict         |    25 |     7 ||    32
       Tentacles         |    16 |     7 ||    23
 Cast: Sting             |    33 |    19 ||    52
  Use: Scroll            |       |     1 ||     1
       Potion            |       |     1 ||     1
 Stab: Sleeping          |    18 |     3 ||    21
  Eat: Chunk             |     2 |     3 ||     5
Armor: Skin              |    10 |    11 ||    21
Dodge: Dodged            |    57 |    36 ||    93
